 Dungeon Crawl Stone Soup version 0.30-a0-629-gd54f4be4f7 (webtiles) character file.

Game seed: 9742545831469793046

14460 drugrobin the Black Belt (level 11, -1/89 HPs)
             Began as a Demigod Delver on Jan 13, 2023.
             Killed from afar by Fannar (36 damage)
             ... with a bolt of cold
             ... on level 1 of the Lair of Beasts.
             The game lasted 00:39:21 (12912 turns).

drugrobin the Black Belt (Demigod Delver)          Turns: 12912, Time: 00:39:22

Health: -1/89      AC: 11    Str: 17    XL:     11   Next: 58%
Magic:  14/14      EV: 11    Int: 16    God:
Gold:   963        SH:  4    Dex: 19    Spells: 10/10 levels left

rFire   . . .      SeeInvis .      - Unarmed
rCold   . . .      Faith    .    H - +0 buckler
rNeg    . . .      Spirit   .    Z - +0 acid dragon scales
rPois   .          Reflect  .    (no helmet)
rElec   .          Harm     .    G - scarf {shadows}
rCorr   +          Rampage  .    g - +0 pair of gloves
Will    +....                    (no boots)
Stlth   +++                      i - amulet of regeneration
HPRegen 1.14/turn                n - +4 ring of slaying
MPRegen 0.14/turn                l - +4 ring of protection

@: mighty
A: high MP 1, forlorn, divine attributes
a: no special abilities


You were on level 1 of the Lair of Beasts.
You visited 2 branches of the dungeon, and saw 12 of its levels.

You collected 1353 gold pieces.
You spent 390 gold pieces at shops.

Inventory:

Hand Weapons
 b - a +2 hand axe of electrocution
 c - a +2 dagger of venom
Missiles
 j - 12 poisoned darts
 K - 3 silver boomerangs (quivered)
 Q - a throwing net
 U - 2 curare-tipped darts
Armour
 a - a +2 leather armour of fire resistance
 g - a +0 pair of gloves (worn)
 G - a scarf of shadows (worn)
 H - a +0 buckler (worn)
 Z - +0 acid dragon scales (worn)
Jewellery
 i - an amulet of regeneration (around neck)
 l - a +4 ring of protection (right hand)
 n - a +4 ring of slaying (left hand)
 x - a ring of flight
Wands
 f - a wand of digging (3)
 E - a wand of acid (11)
 I - a wand of mindburst (7)
Scrolls
 e - 3 scrolls of noise {unknown}
 k - 6 scrolls of teleportation
 t - 4 scrolls of immolation {unknown}
 u - a scroll of fog
 v - 2 scrolls of enchant weapon {unknown}
 w - a scroll of blinking
 y - 4 scrolls of magic mapping
 M - a scroll of silence {unknown}
 O - 2 scrolls of fear
 X - a scroll of vulnerability {unknown}
Potions
 o - 6 potions of mutation
 q - 2 potions of cancellation
 A - a potion of ambrosia
 B - 4 potions of flight
 C - 2 potions of haste
 L - a potion of lignification
 N - a potion of curing
 S - a potion of invisibility {unknown}
 T - a potion of berserk rage {unknown}
 V - a potion of resistance {unknown}
 Y - a potion of attraction {unknown}
Miscellaneous
 W - a box of beasts (inert)


   Skills:
 - Level 6.0 Fighting
 - Level 1.7 Dodging
 - Level 4.5 Stealth
 + Level 16.7 Unarmed Combat


You had 10 spell levels left.
You didn't know any spells.
Your spell library contained the following spells:

 Spells                   Type           Power      Damage    Failure   Level
 Apportation              Tloc           0%         N/A       43%         1
 Cigotuvi's Dreadful Rot  Necr/Pois/Air  0%         N/A       58%         2
 Poisonous Vapours        Pois/Air       0%         N/A       58%         2
 Scorch                   Fire           0%         2d5       58%         2
 Dazzling Flash           Conj/Hex       0%         N/A       82%         3
 Frozen Ramparts          Ice            0%         1d1       82%         3
 Mephitic Cloud           Conj/Pois/Air  0%         N/A       82%         3
 Airstrike                Air            0%         2d(0-16)  99%         4
 Flame Wave               Conj/Fire      0%         2d4       99%         4
 Ice Form                 Ice/Tmut       0%         N/A       99%         4
 Iskenderun's Mystic Bla  Conj/Tloc      0%         2d3       99%         4
 Summon Ice Beast         Ice/Summ       0%         N/A       99%         4
 Summon Lightning Spire   Summ/Air       0%         N/A       99%         4
 Alistair's Intoxication  Tmut/Pois      0%         N/A       100%        5
 Lightning Bolt           Conj/Air       0%         1d11      100%        5
 Summon Mana Viper        Hex/Summ       0%         N/A       100%        5
 Starburst                Conj/Fire      0%         6d3       100%        6
 Statue Form              Tmut/Erth      0%         N/A       100%        6
 Summon Cactus Giant      Summ           0%         N/A       100%        6
 Lehudib's Crystal Spear  Conj/Erth      0%         10d2      100%        8


Dungeon Overview and Level Annotations

Branches:
Dungeon (11/15)            Temple (0/1) D:4            Lair (1/5) D:10
    Orc (0/2) D:9

Shops:
D:4 :   D:5 =   D:7 *

Annotations:
Lair:1 Fannar


Innate Abilities, Weirdness & Mutations

You have an increased reservoir of magic. (+10% MP)
You shall have no god before yourself.
Your divine heritage dramatically boosts your attributes as you level up.


Message History

Unknown command.
Unknown command.
You feel much better. Fannar hits you but does no damage. Fannar freezes you!
The ice beast closely misses you.
Unknown command.
Unknown command.
You closely miss Fannar.
Fannar is lightly wounded.
You block Fannar's attack. The ice beast barely misses you.
You closely miss Fannar.
Fannar is lightly wounded.
Fannar closely misses you. The ice beast hits you. The ice beast freezes you!
You closely miss Fannar.
Fannar is lightly wounded.
You punch Fannar!
Fannar is lightly wounded.
Fannar mumbles some strange words.
Fannar drains the heat from the surrounding environment!
The ice beast closely misses you.
Unknown command.
You miss Fannar.
Fannar is lightly wounded.
Fannar hits you but does no damage. Fannar freezes you.
The ice beast hits you but does no damage.
Unknown command.
Unknown command.
You barely miss Fannar.
Fannar is lightly wounded.
Fannar closely misses you. You block the ice beast's attack.
Unknown command.
Unknown command.
You hit Fannar.
Fannar is moderately wounded.
Unknown command.
Unknown command.
You punch Fannar!
Fannar is heavily wounded.
Fannar gestures at you while chanting. The bolt of cold hits you!!!
You die...

P.###.......
............ ...#......
........ #.#.####....#
............#
###P####.......
##......................


You could see Fannar and an ice beast (summoned).

Vanquished Creatures
  A boulder beetle (D:10)
  3 two-headed ogres
  Pikel (D:6)
  A deep elf pyromancer (D:9)
  A manticore (D:11)
  2 gargoyles
  A komodo dragon (D:10)
  A polar bear (Lair:1)
  A troll (D:11)
  Prince Ribbit (D:6)
  2 wyverns
  23 yaks (D:10)
  2 steam dragons
  Edmund (D:6)
  An acid dragon (D:11)
  Duvessa (D:7)
  A water moccasin (D:9)
  2 black bears
  7 orc warriors
  An ice beast (D:6)
  2 ogres
  7 centaurs
  A phantom (D:6)
  A lemure (D:6)
  2 kobold brigands (D:10)
  4 bullfrogs
  A gnoll sergeant (D:9)
  A necrophage (D:6)
  3 scorpions
  11 wights
  Dowan (D:7)
  22 killer bees
  2 howler monkeys (D:11)
  6 orc priests
  5 hounds
  4 jellies
  A gnoll bouda (D:5)
  6 iguanas
  7 orc wizards
  11 gnolls
  4 adders
  3 shadow imps
  4 white imps
  3 ufetubi
  A worm (D:2)
  2 dart slugs
  35 orcs
  4 ball pythons
  7 endoplasms
  9 hobgoblins
  22 kobolds
  2 quokkas
  A bat (D:1)
  2 frilled lizards (D:3)
  12 goblins
  3 rats
266 creatures vanquished.

Vanquished Creatures (others)
  10 fungi
  10 plants
20 creatures vanquished.

Grand Total: 286 creatures vanquished

Notes
Turn   | Place    | Note
-------+----------+-------------------------------------------
     0 | D:5      | drugrobin the Demigod Delver began the quest for the Orb.
     0 | D:5      | Reached XP level 1. HP: 18/18 MP: 3/3
    11 | D:4      | Noticed a scorpion
    36 | D:4      | Noticed an iguana
   150 | D:3      | Reached skill level 2 in Unarmed Combat
   294 | D:1      | Reached XP level 2. HP: 25/25 MP: 4/4
   637 | D:1      | Reached skill level 3 in Unarmed Combat
  1541 | D:2      | Reached XP level 3. HP: 23/30 MP: 5/5
  2197 | D:3      | Reached skill level 4 in Unarmed Combat
  2197 | D:3      | Reached XP level 4. HP: 33/37 MP: 6/6
  2945 | D:4      | Noticed a black bear
  2961 | D:4      | Killed a black bear
  2962 | D:4      | Reached skill level 5 in Unarmed Combat
  2962 | D:4      | Reached XP level 5. HP: 25/42 MP: 7/7
  3298 | D:4      | Found a staircase to the Ecumenical Temple.
  3444 | D:4      | Reached skill level 6 in Unarmed Combat
  3669 | D:4      | Reached XP level 6. HP: 41/50 MP: 8/8
  3926 | D:4      | Found Konkok's Vocational Training.
  4182 | D:5      | Reached skill level 7 in Unarmed Combat
  4236 | D:5      | Reached XP level 7. HP: 56/56 MP: 9/9
  5052 | D:5      | Reached skill level 8 in Unarmed Combat
  5144 | D:6      | Noticed Edmund
  5157 | D:6      | Killed Edmund
  5326 | D:6      | Noticed Prince Ribbit
  5358 | D:6      | Killed Prince Ribbit
  5359 | D:6      | Reached skill level 9 in Unarmed Combat
  5526 | D:6      | Reached XP level 8. HP: 53/62 MP: 10/10
  6229 | D:6      | Noticed Pikel
  6250 | D:6      | Killed Pikel
  6251 | D:6      | Reached skill level 10 in Unarmed Combat
  6342 | D:6      | Reached skill level 11 in Unarmed Combat
  6916 | D:7      | Found Jeinaf's General Store.
  7073 | D:7      | Reached XP level 9. HP: 60/68 MP: 11/11
  7155 | D:7      | Noticed Duvessa
  7169 | D:7      | Noticed Dowan
  7406 | D:7      | Killed Duvessa
  7409 | D:7      | Killed Dowan
  7724 | D:8      | Reached skill level 12 in Unarmed Combat
  7779 | D:8      | Noticed a two-headed ogre
  7819 | D:8      | HP: 3/68 [poisoned by a killer bee]
  8005 | D:8      | Identified a scroll of acquirement
  8007 | D:8      | Acquired 799 gold pieces
  8106 | D:5      | Bought an amulet of regeneration for 390 gold pieces
  8510 | D:8      | Killed a two-headed ogre
  8511 | D:8      | Reached skill level 13 in Unarmed Combat
  8564 | D:8      | Identified the +1 ring mail of Qevoz {MP+9}
  9066 | D:9      | Noticed a deep elf pyromancer
  9071 | D:9      | Reached XP level 10. HP: 55/74 MP: 13/13
  9075 | D:9      | Killed a deep elf pyromancer
  9076 | D:9      | Reached skill level 14 in Unarmed Combat
  9601 | D:9      | Found a staircase to the Orcish Mines.
  9773 | D:10     | Entered Level 10 of the Dungeon
  9987 | D:10     | Noticed a two-headed ogre
 10028 | D:10     | Killed a two-headed ogre
 10056 | D:10     | Found a staircase to the Lair.
 10065 | D:10     | Reached skill level 15 in Unarmed Combat
 10508 | D:10     | Reached skill level 5 in Fighting
 10598 | D:10     | Reached XP level 11. HP: 51/88 MP: 14/14
 11545 | D:11     | Reached skill level 16 in Unarmed Combat
 11748 | D:11     | Noticed a two-headed ogre
 11815 | D:11     | Killed a two-headed ogre
 12049 | D:11     | Got Pezxiafiho's Handbook of the Stony Throng
 12666 | Lair:1   | Entered Level 1 of the Lair of Beasts
 12737 | Lair:1   | Noticed a boulder beetle
 12747 | Lair:1   | Noticed Fannar
 12879 | D:10     | Killed a boulder beetle
 12912 | Lair:1   | Killed from afar by Fannar

Illustrated notes

Levels and vault maps discovered:
D:1:      heliophobic_arrival_enchanted_forest, layout_rooms,
          serial_co_window_serial, co_window_corner_a,
          co_window_of_opportunity_a, co_window_corner_a,
          co_window_of_opportunity_a, co_window_corner_a, co_window_paths_a,
          co_window_corner_ca, co_window_unsneaky_path_e, co_window_2corner,
          co_window_corner_b, co_window_paths_c, co_window_paths_e,
          ebering_ecumenical_altar_mist, minmay_quantized
D:2:      layout_loops_corners
D:3:      layout_loops_cross, minmay_misc_feat_more_columns
D:4:      layout_loops_corners, chequers_temple_overflow_minitemple,
          minmay_temple_entry_drinking_statues, nicolae_shop_vocational
D:5:      layout_basic, serial_shops, nicolae_stop_n_shop_2
D:6:      layout_gridville, uniq_prince_ribbit1, uniq_edmund, uniq_pikel
D:7:      layout_rooms, lemuel_doored_altar, serial_shops,
          nicolae_take_the_stairs, uniq_duvessa
D:8:      layout_basic
D:9:      layout_loops_cross, david_orc_1_choice
D:10:     layout_stronghold, grunt_lair_entry_orc_guard_hut
D:11:     layout_layer_cave
Lair:1:   statuecave_lemuel, layout_chaotic_city, uniq_fannar, uniq_joseph

Skill      XL: |  1  2  3  4  5  6  7  8  9 10 11 |
---------------+----------------------------------+-----
Unarmed Combat | 2 3 4 5 6 7 9 11 13 15 16 | 16.7
Fighting       | 5 6 |  6.0
Dodging        | |  1.7
Stealth        | |  4.5

Action                   |  1- 3 |  4- 6 |  7- 9 | 10-12 || total
-------------------------+-------+-------+-------+-------++-------
Melee: War axe           |    38 |       |       |       ||    38
       Unarmed           |     9 |    66 |   255 |   306 ||   636
       Hand axe          |    52 |     5 |    14 |       ||    71
       Punch             |     3 |     7 |    17 |       ||    27
       Dagger            |       |    68 |   104 |    71 ||   243
 Fire: Sling             |       |     3 |     3 |     4 ||    10
Throw: Boomerang         |       |     6 |    12 |    24 ||    42
       Javelin           |       |     1 |     8 |     1 ||    10
       Dart              |       |       |     9 |    11 ||    20
Evoke: Wand              |       |       |     8 |     6 ||    14
       Box of beasts     |       |       |       |     1 ||     1
  Use: Potion            |     1 |       |     5 |     2 ||     8
       Scroll            |       |       |    14 |     2 ||    16
 Stab: Sleeping          |     6 |     2 |     7 |     2 ||    17
       Distracted        |       |     1 |       |     1 ||     2
Armor: Leather armour    |     4 |       |       |       ||     4
       Ring mail         |    28 |    38 |   105 |    96 ||   267
       Acid dragon scale |       |       |       |    37 ||    37
Dodge: Dodged            |    54 |    77 |   262 |   203 ||   596
Block: Buckler           |       |       |    29 |    69 ||    98

Table legend: (Time is in decaauts)
 A = Elapsed time spent in this place.
 B = Non-inter-level travel time spent in this place.
 C = Inter-level travel time spent in this place.
 D = Time resting spent in this place.
 E = Time spent auto-exploring this place.
 F = Levels seen in this place.
 G = Mean time per level.
                   A        B        C        D        E       F      G
               +--------+--------+--------+--------+--------+-----+--------+
         Total |  12795 |  12100 |    695 |   1318 |   7507 |  12 | 1066.2 |
       Dungeon |  12675 |  11981 |    694 |   1318 |   7476 |  11 | 1152.3 |
          Lair |    120 |    120 |      0 |      0 |     31 |   1 |  120.0 |
               +--------+--------+--------+--------+--------+-----+--------+

Top non-repeatable levels by time:
     D:6: 1689 daAuts
     D:4: 1651 daAuts
    D:10: 1625 daAuts
    D:11: 1329 daAuts
     D:8: 997 daAuts
     D:5: 982 daAuts
     D:9: 965 daAuts
     D:7: 925 daAuts
     D:1: 910 daAuts
     D:2: 811 daAuts
     D:3: 786 daAuts
  Lair:1: 120 daAuts
